Map: Pylon LE

Players

trigger

  • Race: Protoss Protoss
  • Spawn Location: 11:00

Maru - Winner!

  • Race: Terran Terran
  • Spawn Location: 5:00

Event: Esports World Cup 2025

VOD

Have the link to the VOD?

Description

Time

  • Played on: July 22, 2025, 10:42 a.m.
  • Length: 6:39

All games in this series

Show
View Real Time Build Order
Export as new Build Order

trigger Protoss 

Build Orders: 1 Gate Expand, Blink Stalkers 

Get SALT Encoding   

  12  0:00  Probe  
  13  0:12  Probe  
  14  0:19  Pylon  
  14  0:24  Probe  
  15  0:33  Probe  
  15  0:37  Gateway  
  15  0:41  Probe  
  16  0:46  Assimilator  
  17  0:51  Probe  
  18  1:04  Probe  
  19  1:16  Probe  
  20  1:24  Cybernetics Core  
  20  1:30  Nexus  
  20  1:34  Probe  
  21  1:41  Pylon  
  21  1:47  Assimilator  
  21  1:49  Probe  
  21  1:51  Adept  
  22  2:01  Warp Gate, Probe  
  25  2:09  Stalker  
  25  2:13  Probe  
  28  2:25  Probe  
  28  2:28  Twilight Council  
  29  2:40  Probe  
  29  2:42  Blink  
  29  2:43  Probe, Stalker  
  30  2:48  Probe  
  33  2:55  Probe  
  35  2:59  Probe  
  36  3:05  Gateway  
  36  3:07  Probe  
  37  3:14  Probe  
  37  3:19  Probe  
  37  3:26  Shield Battery  
  37  3:27  Probe  
  38  3:28  Shield Battery  
  38  3:32  Probe  
  39  3:36  Robotics Facility  
  39  3:39  Probe  
  40  3:44  Probe  
  40  3:48  Gateway  
  41  3:50  Stalker  
  44  4:02  Pylon, Stalker  
  43  4:06  Probe  
  43  4:07  Assimilator  
  46  4:17  Pylon  
  46  4:21  Stalker  
  46  4:23  Immortal  
  52  4:25  Probe x2  
  54  4:37  Probe  
  53  4:47  Probe  
  53  4:49  Probe, Charge  
  55  4:53  Assimilator  
  55  4:55  Stalker  
  55  4:59  Probe  
  58  5:00  Pylon  
  58  5:01  Probe  
  58  5:03  Observer  
  60  5:10  Pylon  
  60  5:11  Probe  
  61  5:20  Nexus  
  61  5:23  Templar Archives  
  61  5:25  Gateway  
  62  5:32  Stalker  
  62  5:33  Stalker  
  64  5:37  Stalker  
  66  5:47  Gateway  
  66  5:48  Gateway  
  66  5:51  Gateway  
  66  5:56  Pylon, Stalker  
  59  6:06  Stalker  
  59  6:07  Probe x2  
  45  6:19  Probe x2  
  45  6:20  Stalker x2  
Show
View Real Time Build Order
Export as new Build Order

Maru Terran - Winner!

Build Orders: Cyclone Opening 

Get SALT Encoding   

  12  0:00  SCV  
  13  0:12  SCV  
  14  0:17  Supply Depot  
  14  0:24  SCV  
  15  0:38  SCV  
  15  0:40  Barracks  
  15  0:42  Refinery  
  16  0:50  SCV  
  16  0:52  Refinery  
  17  1:02  SCV  
  18  1:15  SCV  
  19  1:27  Orbital Command, Reaper  
  20  1:41  Factory  
  20  1:50  Supply Depot  
  20  1:52  SCV  
  21  2:00  Barracks Tech Lab  
  21  2:04  SCV  
  22  2:17  SCV  
  22  2:18  Command Center  
  23  2:29  SCV  
  24  2:34  Cyclone  
  27  2:40  Starport  
  27  2:42  SCV  
  27  2:47  Supply Depot  
  27  2:49  Barracks Reactor  
  27  2:54  SCV  
  28  3:06  SCV  
  29  3:15  Factory Tech Lab  
  29  3:19  SCV  
  30  3:24  Medivac  
  30  3:26  Marine x2  
  34  3:30  Barracks  
  34  3:31  SCV  
  34  3:33  Orbital Command  
  35  3:37  Widow Mine  
  37  3:43  SCV  
  37  3:44  Marine x2  
  40  3:48  Supply Depot  
  40  3:54  Banshee  
  43  3:59  Siege Tank  
  43  4:00  SCV  
  47  4:04  Marine  
  47  4:05  Marine  
  49  4:12  Supply Depot  
  49  4:17  Marine  
  49  4:22  Marine  
  49  4:23  Marine  
  52  4:29  SCV x2  
  52  4:31  Siege Tank  
  57  4:34  Supply Depot  
  57  4:35  Marine  
  57  4:37  Banshee  
  61  4:39  Marine  
  61  4:40  Marine  
  61  4:43  SCV x2  
  65  4:53  Marine  
  65  4:57  Supply Depot, Marine, SCV  
  65  4:58  Marine, SCV  
  70  5:03  Siege Tank  
  73  5:09  SCV  
  73  5:10  SCV  
  73  5:11  Marine  
  76  5:15  Marine  
  76  5:16  Marine  
  78  5:22  SCV  
  78  5:25  Banshee  
  82  5:28  Marine  
  82  5:29  SCV  
  82  5:33  Marine  
  82  5:34  Marine  
  80  5:46  Marine  
  80  5:51  Marine  
  80  5:52  Marine  
  80  5:56  SCV  
  81  5:59  Supply Depot  
  75  6:04  Marine  
  75  6:08  Marine, SCV x2  
  75  6:09  Marine  
  80  6:20  SCV  
  80  6:26  SCV  
Tags
 
Add a new tag
Caveats
  • Supply blocks, unpowered buildings, or Contaminate may cause inaccurate times.
  • Supply counts are checked every 10 seconds.